 Dungeon Crawl Stone Soup version 0.30-a0-578-gdee14c521f (webtiles) character file.

Game seed: 13695597818769331126

20 lunkers the Cudgeller (level 3, -2/29 HPs)
             Began as a Meteoran Reaver on Dec 31, 2022.
             Slain by an orc priest
             ... wielding a +0 flail
              (4 damage)
             ... on level 3 of the Dungeon.
             The game lasted 00:01:12 (1123 turns).

lunkers the Cudgeller (Meteoran Reaver)             Turns: 1123, Time: 00:01:12

Health: -2/29      AC: 10    Str: 15    XL:     3   Next: 14%
Magic:  0/8        EV: 12    Int: 14    God:
Gold:   61         SH:  0    Dex: 13    Spells: 1/7 levels left

rFire   . . .      SeeInvis .    g - +1 mace (protect)
rCold   . . .      Faith    .    (no shield)
rNeg    . . .      Spirit   .    b - +0 leather armour
rPois   .          Reflect  .    (no helmet)
rElec   .          Harm     .    (no cloak)
rCorr   .          Rampage  .    (no gloves)
Will    .....                    (no boots)
Stlth   +                        (no amulet)
HPRegen 0.24/turn                (no ring)
MPRegen 0.11/turn                (no ring)

@: under a protective aura, very slightly contaminated, glowing
A: sense surroundings 1, otherworldly, glowing, explore regen
a: no special abilities


You were on level 3 of the Dungeon.
You visited 1 branch of the dungeon, and saw 3 of its levels.

You collected 61 gold pieces.

Inventory:

Hand Weapons
 a - a +0 mace
 g - a +1 mace of protection (weapon)
Armour
 b - a +0 leather armour (worn)
Scrolls
 c - a scroll of teleportation {unknown}
 f - a scroll of identify {unknown}
Potions
 d - 3 potions of ambrosia {unknown}
 e - a potion of attraction {unknown}


   Skills:
 - Level 2.1 Fighting
 + Level 5.3 Maces & Flails
 - Level 2.4 Dodging
 - Level 2.6 Spellcasting
 - Level 3.6 Conjurations


You had one spell level left.
You knew the following spells:

 Your Spells              Type           Power      Damage    Failure   Level
b - Momentum Strike       Conj/Tloc      12%        3d8       21%         2
c - Hailstorm             Conj/Ice       6%         3d4       36%         3
p - Kiss of Death         Conj/Necr      24%        2d7       13%         1

Your spell library contained the following spells:

 Spells                   Type           Power      Damage    Failure   Level


Dungeon Overview and Level Annotations

Branches:
Dungeon (3/15) Zot: 669

Altars:

Shops:
D:2 (


Innate Abilities, Weirdness & Mutations

You passively map a small area around you.
You are easily found by Zot.
You glow in the dark.
You regain HP and MP as you explore.


Message History

Aim: an orc priest, wielding a +0 flail (68% to hit)
The concentrated momentum misses the orc priest.
Unknown command.
Casting: Momentum Strike (safe; 21% risk of failure)
Confirm with . or Enter, or press ? or * to list all spells.
The spell is extremely dangerous to miscast (36% risk of failure)!
Continue anyway?
Okay, then.
Casting: Hailstorm (extremely dangerous; 36% risk of failure)
Confirm with . or Enter, or press ? or * to list all spells.
The spell is extremely dangerous to miscast (36% risk of failure)!
Continue anyway?
Casting: Hailstorm (extremely dangerous; 36% risk of failure)
Press: ? - help, Dir - look around, f - activate You miscast Hailstorm.
You are very lightly contaminated with residual magic.
Nothing appears to happen.
The orc hits you from afar with a +0 trident.
* * * LOW HITPOINT WARNING * * *
Casting: Hailstorm (extremely dangerous; 36% risk of failure)
Confirm with . or Enter, or press ? or * to list all spells.
The spell is extremely dangerous to miscast (36% risk of failure)!
Continue anyway?
Casting: Hailstorm (extremely dangerous; 36% risk of failure)
Press: ? - help, Dir - look around, f - activate A cannonade of hail descends around you!
The hail pelts the orc!
You kill the orc!
The hail pelts the orc priest.
The orc priest is lightly wounded.
* * * LOW MAGIC WARNING * * *
Your life force feels restored.
Unknown command.
Unknown command.
An orc priest comes into view. It is wielding a +0 short sword.
The orc priest shouts!
The orc priest hits you with a +0 flail!
* * * LOW HITPOINT WARNING * * *
You thump the orc priest!
Your weapon exudes an aura of protection.
The orc priest is severely wounded.
The orc priest hits you with a +0 flail.
You die...

* * * , ... , , ######## *
.?# * ** #......# .o, ,
#######......# .. *
.....##......# .# ,,
.....##......# *.# , *
.....##......######.###.>#
.....##......'..@o...o..#
.....##......######.#####
.....##......# .#
.†...''......# .#
.....##......# .#
.....##......# .#
.....######### .#
.....#### .# ........#


You could see 2 orc priests.

Vanquished Creatures
  An orc (D:3)
  An endoplasm (D:1)
  A giant cockroach (D:1)
  3 hobgoblins
  2 kobolds (D:1)
  A quokka (D:2)
  2 ball pythons
  2 goblins (D:2)
  4 rats
17 creatures vanquished.

Notes
Turn   | Place    | Note
-------+----------+-------------------------------------------
     0 | D:1      | lunkers the Meteoran Reaver began the quest for the Orb.
     0 | D:1      | Reached XP level 1. HP: 17/17 MP: 5/5
   117 | D:1      | Reached XP level 2. HP: 9/21 MP: 4/6
   496 | D:1      | Glimpsed the power of Zot.
   546 | D:1      | Glimpsed the power of Zot.
   586 | D:1      | Glimpsed the power of Zot.
   598 | D:2      | Learned a level 2 spell: Momentum Strike
   599 | D:2      | Found Gilutec's Antique Weapon Shop.
   637 | D:2      | Reached skill level 5 in Maces & Flails
  1081 | D:3      | Reached XP level 3. HP: 27/27 MP: 8/8
  1085 | D:3      | Learned a level 3 spell: Hailstorm
  1123 | D:3      | Slain by an orc priest

Illustrated notes

Levels and vault maps discovered:
D:1:      nagdon_arrival_zigzag_paths, layout_basic
D:2:      layout_basic, serial_shops, shop, kennysheep_minor_cross
D:3:      layout_basic, dreamdust_ecumenical_altar_statues

Skill      XL: |  1  2 |
---------------+-------+-----
Maces & Flails | 5 |  5.3
Fighting       | |  2.1
Dodging        | |  2.4
Spellcasting   | |  2.6
Conjurations   | |  3.6

Action                   || total
-------------------------++-------
Melee: Mace              ||    36
       Punch             ||     2
 Cast: Kiss of Death     ||     1
       Hailstorm         ||     1
       Momentum Strike   ||     1
Armor: Leather armour    ||    11
Dodge: Dodged            ||    17

Table legend: (Time is in decaauts)
 A = Elapsed time spent in this place.
 B = Non-inter-level travel time spent in this place.
 C = Inter-level travel time spent in this place.
 D = Time resting spent in this place.
 E = Time spent auto-exploring this place.
 F = Levels seen in this place.
 G = Mean time per level.
                   A        B        C        D        E       F      G
               +--------+--------+--------+--------+--------+-----+--------+
         Total |   1129 |    644 |    485 |      0 |    477 |   3 |  376.3 |
       Dungeon |   1129 |    644 |    485 |      0 |    477 |   3 |  376.3 |
               +--------+--------+--------+--------+--------+-----+--------+

Top non-repeatable levels by time:
     D:1: 897 daAuts
     D:2: 182 daAuts
     D:3: 49 daAuts
